 Dungeon Crawl Stone Soup version 0.28-a0-43-g560ac104fe (webtiles) character file.

Game seed: 16572910754468349263

7 Harkinian2 the Skirmisher (level 2, 0/27 HPs)
             Began as a Hill Orc Monk on July 28, 2021.
             Frozen to death by an endoplasm (5 damage)
             ... on level 1 of the Dungeon.
             The game lasted 00:00:56 (127 turns).

Harkinian2 the Skirmisher (Hill Orc Monk)            Turns: 127, Time: 00:00:57

Health: 0/27       AC:  2    Str: 13    XL:     2   Next: 4%
Magic:  2/2        EV: 12    Int: 10    God:
Gold:   0          SH:  0    Dex: 13    Spells: 1/1 levels left

rFire   . . .      SeeInvis .   a - +0 falchion
rCold   . . .      Faith    .   (no shield)
rNeg    . . .      Spirit   .   b - +0 robe
rPois   .          Reflect  .   (no helmet)
rElec   .          Harm     .   (no cloak)
rCorr   .          Rampage  .   (no gloves)
Will    .....                   (no boots)
Stlth   ++........              (no amulet)
HPRegen 0.09/turn               (no ring)
MPRegen 0.08/turn               (no ring)

@: no status effects
A: no striking features
a: no special abilities


You were on level 1 of the Dungeon.
You visited 1 branch of the dungeon, and saw 1 of its levels.

Inventory:

Hand Weapons
 a - a +0 falchion (weapon)
Armour
 b - a +0 robe (worn)


   Skills:
 + Level 3.7 Fighting
 + Level 3.6 Long Blades
 + Level 2.5 Dodging
 + Level 1.6 Stealth


You had one spell level left.
You didn't know any spells.
Your spell library was empty.

Dungeon Overview and Level Annotations

Branches:
Dungeon (1/15)

Altars:

Shops:
D:1 ??


Message History

The kobold closely misses you.
A kobold comes into view. It is wielding a +0 club.
You hit the goblin.
You kill the goblin!
The endoplasm hits you. The kobold barely misses you.
The kobold barely misses you.
You hit the kobold but do no damage. The kobold misses you.
The endoplasm hits you but does no damage.
The kobold hits you with a +0 whip.
You hit the kobold.
The kobold is severely wounded.
The endoplasm closely misses you. The kobold closely misses you.
You hit the kobold.
You kill the kobold!
The endoplasm hits you but does no damage.
The endoplasm freezes you.
You are frozen.
The kobold closely misses you.
You riposte.
You slash the kobold!
You kill the kobold!
The endoplasm freezes you.
You are frozen.
You have reached level 2!
The endoplasm freezes you.
You are frozen.
You swing at nothing.
The endoplasm closely misses you.
You hit the endoplasm but do no damage. The endoplasm hits you.
You hit the endoplasm but do no damage.
The endoplasm hits you but does no damage.
You barely miss the endoplasm. The endoplasm freezes you.
You are frozen.
* * * LOW HITPOINT WARNING * * *
You barely miss the endoplasm. The endoplasm freezes you.
You are frozen.
* * * LOW HITPOINT WARNING * * *
You completely miss the endoplasm. The endoplasm freezes you.
You are frozen.
You die...

..........).).##...#
.......)..##.......#
...⌠.⌠....##....†..#
....∩!....##.......#
...⌠.⌠....##.......# #.##
..........##.......# ...
..........######...###########.##
..........# #J..##...........
##@#...........#.##
#..#..#........#.#♣
###...#.#...#......#≈
#.....#...#.#......'.
#......#..#........#P
#......#......##...#≈
####....#..........#♣
######...#....##...##♣
#..................##≈


You could see an endoplasm.

Vanquished Creatures
  A bat (D:1)
  A goblin (D:1)
  A hobgoblin (D:1)
  A ball python (D:1)
  2 kobolds (D:1)
  A rat (D:1)
7 creatures vanquished.

Notes
Turn   | Place    | Note
-------+----------+-------------------------------------------
     0 | D:1      | Harkinian2 the Hill Orc Monk began the quest for the Orb.
     0 | D:1      | Reached XP level 1. HP: 19/19 MP: 1/1
    93 | D:1      | Found Tutrenydgh's Magic Scroll Shop.
    93 | D:1      | Found Vyawnilocicw's Magic Scroll Boutique.
   115 | D:1      | Reached XP level 2. HP: 13/27 MP: 2/2
   127 | D:1      | Frozen to death by an endoplasm

Illustrated notes

Levels and vault maps discovered:
D:1:      tarquinn_simple_flora_water_f, layout_basic, basic_ecumenical_altar,
          serial_shops, shop_fountains, nicolae_shop_trees, nicolae_shop_trees,
          nicolae_shop_crystal, shop_statue, hangedman_decor_peaks_small,
          grunt_decor_one_mirror

Action                   || total
-------------------------++-------
Melee: Falchion          ||    20
Armor: Robe              ||     7
Dodge: Dodged            ||    24
       Rpst.: Falchion   ||     3

Table legend: (Time is in decaauts)
 A = Elapsed time spent in this place.
 B = Non-inter-level travel time spent in this place.
 C = Inter-level travel time spent in this place.
 D = Time resting spent in this place.
 E = Time spent auto-exploring this place.
 F = Levels seen in this place.
 G = Mean time per level.
                   A        B        C        D        E       F      G
               +--------+--------+--------+--------+--------+-----+--------+
         Total |    129 |    129 |      0 |     19 |      0 |   1 |  129.0 |
       Dungeon |    129 |    129 |      0 |     19 |      0 |   1 |  129.0 |
               +--------+--------+--------+--------+--------+-----+--------+

Top non-repeatable levels by time:
     D:1: 129 daAuts
